Map: Jagannatha LE

Players

Nice

  • Race: Protoss Protoss

Has - Winner!

  • Race: Protoss Protoss

Event: DreamHack SC2 Masters 2021 Fall

VOD

Have the link to the VOD?

Description

Time

  • Played on: Aug. 1, 2021, 9:31 a.m.
  • Length: 19:01

All games in this series

Show
View Real Time Build Order
Export as new Build Order

Nice Protoss 

Build Orders:  

Get SALT Encoding   

  12  0:00  Probe  
  13  0:12  Probe  
  14  0:17  Pylon  
  14  0:24  Probe  
  15  0:37  Probe (Chrono Boost)  
  15  0:38  Gateway  
  16  0:48  Assimilator, Probe (Chrono Boost)  
  17  0:53  Probe (Chrono Boost)  
  17  0:56  Assimilator  
  18  1:03  Probe (Chrono Boost)  
  19  1:10  Gateway  
  19  1:13  Probe (Chrono Boost)  
  20  1:19  Probe  
  21  1:27  Cybernetics Core  
  21  1:31  Probe  
  22  1:38  Pylon  
  22  1:43  Probe  
  23  1:56  Probe  
  24  2:05  Stalker x2  
  24  2:07  Warp Gate  
  28  2:08  Probe  
  29  2:18  Pylon  
  29  2:25  Pylon  
  29  2:35  Stalker  
  29  2:36  Stalker  
  32  2:57  Nexus  
  32  3:06  Shield Battery  
  32  3:09  Sentry  
  32  3:12  Sentry  
  32  3:36  Probe  
  33  3:41  Robotics Facility  
  33  3:49  Shield Battery, Probe  
  34  4:01  Probe  
  35  4:11  Sentry, Stalker  
  35  4:12  Probe  
  35  4:16  Probe  
  41  4:19  Pylon  
  41  4:20  Shield Battery  
  41  4:24  Probe  
  41  4:28  Observer (Chrono Boost), Probe  
  41  4:29  Shield Battery  
  44  4:41  Probe  
  45  4:52  Probe (Chrono Boost)  
  45  4:57  Probe (Chrono Boost)  
  46  5:00  Shield Battery  
  46  5:04  Probe (Chrono Boost), Immortal (Chrono Boost)  
  52  5:08  Probe (Chrono Boost)  
  52  5:10  Probe (Chrono Boost)  
  53  5:17  Probe (Chrono Boost)  
  53  5:18  Twilight Council  
  55  5:23  Probe x2 (Chrono Boost)  
  56  5:31  Probe (Chrono Boost)  
  56  5:34  Probe (Chrono Boost)  
  58  5:36  Pylon  
  58  5:42  Probe (Chrono Boost)  
  59  5:46  Probe (Chrono Boost)  
  59  5:49  Zealot  
  62  5:53  Assimilator, Probe  
  62  5:54  Immortal  
  62  5:55  Blink (Chrono Boost)  
  67  6:02  Probe  
  68  6:05  Assimilator  
  68  6:06  Pylon  
  68  6:08  Pylon  
  68  6:13  Probe  
  69  6:22  Gateway  
  69  6:24  Shield Battery  
  67  6:27  Observer  
  67  6:29  Shield Battery  
  67  6:31  Shield Battery  
  67  6:33  Sentry  
  67  6:34  Sentry  
  67  6:39  Pylon  
  71  6:47  Immortal  
  71  6:52  Gateway  
  75  6:57  Stalker  
  75  6:58  Stalker  
  79  7:06  Gateway  
  79  7:09  Forge  
  79  7:10  Observer  
  79  7:13  Phoenix  
  79  7:19  Stalker  
  79  7:23  Stalker x2  
  83  7:30  Robotics Bay  
  82  7:46  Stalker x3  
  86  7:53  Protoss Ground Weapons Level 1 (Chrono Boost)  
  86  8:01  Probe x2  
  86  8:02  Observer  
  86  8:04  Pylon  
  88  8:06  Charge  
  87  8:20  Disruptor (Chrono Boost)  
  87  8:25  Probe  
  87  8:26  Probe  
  92  8:32  Nexus  
  92  8:37  Shield Battery, Probe  
  92  8:38  Probe  
  94  8:45  Disruptor (Chrono Boost)  
  97  8:49  Shield Battery  
  97  8:53  Probe x2  
  99  9:01  Shield Battery  
  99  9:05  Probe  
  100  9:12  Stalker  
  100  9:15  Pylon  
  102  9:19  Pylon  
  102  9:24  Pylon  
  102  9:30  Disruptor (Chrono Boost)  
  102  9:35  Nexus  
  102  9:37  Probe  
  102  9:38  Probe  
  106  9:52  Pylon, Robotics Facility  
  106  9:53  Stalker x2  
  106  9:58  Disruptor  
  113  10:05  Probe x2  
  115  10:12  Dark Shrine  
  115  10:17  Stalker, Probe x2  
  119  10:29  Probe  
  119  10:30  Probe  
  124  10:39  Colossus (Chrono Boost)  
  133  10:52  Assimilator  
  133  10:53  Assimilator, Colossus (Chrono Boost)  
  132  11:06  Extended Thermal Lance  
  132  11:08  Stalker x3  
  138  11:15  Stalker x2  
  142  11:19  Forge  
  142  11:30  Observer  
  137  11:35  Stalker x3  
  137  11:36  Colossus (Chrono Boost)  
  132  11:43  Stalker x2  
  123  12:05  Colossus (Chrono Boost)  
  123  12:06  Protoss Ground Weapons Level 2 (Chrono Boost)  
  125  12:16  Gateway  
  125  12:17  Pylon  
  125  12:21  Photon Cannon x2  
  125  12:22  Stalker x2  
  127  12:23  Stalker x2  
  127  12:27  Warp Prism  
  135  12:39  Stalker  
  135  12:40  Gateway x2  
  137  12:48  Stalker  
  137  12:49  Stalker x2  
  143  12:57  Observer  
  144  13:00  Shield Battery, Photon Cannon  
  144  13:01  Pylon  
  144  13:04  Dark Templar  
  146  13:10  Dark Templar  
  148  13:18  Archon  
  148  13:21  Stalker  
  148  13:22  Stalker x2  
  154  13:44  Stalker  
  156  13:50  Pylon  
  156  13:52  Pylon  
  156  13:53  Pylon  
  154  14:02  Observer (Chrono Boost)  
  153  14:09  Colossus (Chrono Boost)  
  130  14:12  Stalker x6  
  130  14:13  Stalker  
  110  14:35  Stalker x3  
  110  14:36  Stalker  
  98  14:47  Observer  
  98  14:52  Colossus (Chrono Boost)  
  98  14:56  Colossus (Chrono Boost)  
  110  15:07  Probe x2  
  110  15:08  Probe  
  110  15:12  Protoss Ground Weapons Level 3 (Chrono Boost)  
  113  15:19  Probe  
  113  15:20  Probe x2  
  116  15:29  Assimilator  
  116  15:31  Sentry, Probe  
  116  15:32  Probe x2  
  121  15:44  Photon Cannon  
  121  15:48  Stalker x2  
  125  15:51  Shield Battery  
  117  16:00  Stalker x2  
  113  16:07  Observer (Chrono Boost)  
  113  16:08  Observer (Chrono Boost)  
  112  16:12  Stalker x2  
  116  16:21  Stalker x2  
  116  16:22  Sentry  
  122  16:40  Stalker x4  
  133  16:47  Disruptor (Chrono Boost)  
  133  16:48  Disruptor (Chrono Boost)  
  131  17:07  Zealot x5  
  129  17:28  Stalker  
  129  17:29  Stalker x3  
  127  17:39  Assimilator  
  127  17:44  Photon Cannon  
  127  17:48  Sentry  
  127  17:49  Sentry x2  
  133  18:07  Disruptor (Chrono Boost)  
  91  18:21  Stalker x3  
  91  18:22  Stalker  
  82  18:27  Stalker  
  82  18:28  Observer  
  77  18:39  Stalker  
  65  18:42  Stalker  
Show
View Real Time Build Order
Export as new Build Order

Has Protoss - Winner!

Build Orders: Zealot Archon, Dark Templar Rush 

Get SALT Encoding   

  12  0:00  Probe  
  13  0:12  Probe  
  14  0:17  Pylon  
  14  0:24  Probe (Chrono Boost)  
  16  0:36  Probe (Chrono Boost)  
  16  0:37  Gateway  
  16  0:41  Probe (Chrono Boost)  
  16  0:45  Assimilator  
  17  0:52  Probe  
  17  0:54  Assimilator  
  18  1:03  Gateway  
  18  1:06  Probe (Chrono Boost)  
  19  1:16  Probe (Chrono Boost)  
  20  1:21  Probe (Chrono Boost)  
  20  1:25  Cybernetics Core  
  21  1:30  Pylon  
  21  1:37  Pylon  
  21  1:41  Probe  
  22  1:53  Probe  
  23  2:01  Adept (Chrono Boost)  
  25  2:02  Warp Gate  
  25  2:05  Adept (Chrono Boost)  
  28  2:12  Pylon  
  27  2:21  Twilight Council  
  27  2:25  Probe  
  28  2:35  Stalker (Chrono Boost)  
  30  2:38  Probe  
  31  2:59  Dark Shrine  
  31  3:07  Stalker x2  
  31  3:09  Pylon  
  34  3:20  Probe  
  33  3:30  Twilight Council  
  33  3:33  Probe  
  34  3:37  Pylon  
  34  4:00  Nexus  
  33  4:12  Dark Templar x2  
  33  4:16  Probe (Chrono Boost)  
  38  4:28  Probe (Chrono Boost)  
  39  4:35  Probe (Chrono Boost)  
  38  4:42  Probe  
  37  4:54  Stalker x2, Probe  
  37  4:58  Blink (Chrono Boost)  
  43  5:09  Probe (Chrono Boost)  
  43  5:13  Shield Battery  
  43  5:15  Probe (Chrono Boost)  
  43  5:19  Sentry  
  47  5:23  Probe x2 (Chrono Boost)  
  48  5:29  Dark Templar, Probe (Chrono Boost)  
  48  5:33  Probe (Chrono Boost)  
  52  5:36  Archon  
  52  5:40  Pylon  
  52  5:41  Probe (Chrono Boost)  
  53  5:48  Pylon, Probe (Chrono Boost)  
  53  5:49  Probe (Chrono Boost)  
  55  5:55  Probe  
  55  5:56  Forge, Probe  
  57  6:03  Stalker x2  
  61  6:07  Probe  
  61  6:08  Probe  
  63  6:14  Assimilator  
  63  6:19  Probe  
  63  6:20  Probe  
  65  6:27  Protoss Ground Weapons Level 1 (Chrono Boost)  
  65  6:31  Nexus, Probe  
  65  6:32  Probe  
  67  6:35  Pylon  
  67  6:39  Stalker x2  
  71  6:45  Assimilator  
  71  6:50  Robotics Facility, Probe x2  
  73  7:03  Gateway  
  73  7:04  Probe x2  
  73  7:05  Gateway  
  75  7:14  Stalker x2  
  79  7:16  Probe  
  79  7:19  Probe  
  81  7:26  Gateway  
  81  7:28  Probe  
  81  7:29  Gateway  
  82  7:31  Probe  
  84  7:37  Observer (Chrono Boost)  
  84  7:38  Stalker x2  
  89  7:54  Pylon  
  89  7:56  Pylon, Immortal (Chrono Boost)  
  93  7:59  Probe  
  93  8:01  Pylon  
  93  8:10  Shield Battery  
  94  8:12  Pylon, Probe  
  94  8:16  Stalker x4  
  94  8:19  Probe  
  104  8:25  Photon Cannon  
  104  8:28  Stalker x2, Warp Prism (Chrono Boost)  
  109  8:35  Protoss Ground Armor Level 1 (Chrono Boost)  
  109  8:42  Photon Cannon  
  109  8:51  Stalker x4  
  109  8:53  Sentry x2  
  121  8:57  Pylon  
  121  9:01  Pylon  
  121  9:04  Photon Cannon  
  121  9:18  Twilight Council  
  121  9:21  Stalker x5  
  132  9:38  Stargate, Probe x3  
  132  9:40  Assimilator  
  132  9:41  Assimilator  
  134  9:49  Charge (Chrono Boost)  
  134  9:54  Stargate  
  134  9:57  Nexus  
  134  9:58  Probe x2  
  134  9:59  Pylon  
  136  10:00  Probe  
  136  10:02  Pylon  
  136  10:04  Pylon  
  137  10:10  Probe  
  138  10:21  Phoenix (Chrono Boost)  
  138  10:22  Dark Shrine  
  140  10:29  Probe  
  140  10:30  Gateway x2  
  140  10:31  Photon Cannon, Gateway  
  140  10:32  Protoss Ground Weapons Level 2 (Chrono Boost)  
  140  10:33  Zealot x3  
  140  10:35  Probe  
  148  10:38  Phoenix (Chrono Boost)  
  148  10:42  Phoenix (Chrono Boost)  
  150  10:48  Probe  
  153  10:50  Probe  
  153  10:56  Phoenix (Chrono Boost)  
  154  11:02  Observer  
  156  11:07  Zealot x4, Stalker x3  
  156  11:09  Zealot  
  166  11:15  Phoenix  
  158  11:32  Probe  
  133  11:33  Probe  
  133  11:39  Probe  
  119  11:41  Probe  
  119  11:44  Stalker x5  
  119  11:45  Stalker x4  
  128  11:52  Phoenix  
  120  11:56  Observer, Probe x3  
  120  11:58  Probe  
  120  12:07  Stalker x5  
  120  12:08  Zealot x3  
  126  12:09  Zealot  
  126  12:13  Phoenix  
  134  12:20  Warp Prism (Chrono Boost)  
  134  12:23  Observer  
  136  12:31  Dark Templar x4  
  136  12:34  Phoenix (Chrono Boost)  
  146  12:38  Phoenix (Chrono Boost)  
  146  12:39  Zealot x2  
  152  12:46  Zealot x3  
  152  12:49  Observer  
  158  12:58  Nexus  
  158  13:00  Pylon  
  158  13:01  Dark Templar  
  158  13:24  Dark Templar x3  
  158  13:25  Zealot x5  
  173  13:31  Archon  
  171  13:56  Zealot x8  
  171  13:57  Zealot  
  163  14:12  Protoss Ground Weapons Level 3 (Chrono Boost)  
  163  14:16  Zealot x8  
  167  14:17  Zealot  
  145  14:28  Observer  
  132  14:38  Zealot x9  
  126  14:50  Probe x4  
  126  14:51  Probe  
  121  15:01  Stalker x9  
  121  15:04  Warp Prism  
  135  15:09  Photon Cannon  
  135  15:10  Shadow Stride (Chrono Boost)  
  135  15:19  Gateway  
  135  15:20  Nexus, Gateway  
  135  15:25  Stalker x4  
  135  15:26  Stalker x2  
  147  15:29  Stalker  
  147  15:30  Stalker  
  147  15:33  Stalker  
  153  15:38  Pylon, Probe  
  120  16:06  Stalker x2  
  120  16:07  Stalker x7  
  134  16:17  Probe x2  
  134  16:18  Probe x2  
  138  16:19  Probe  
  138  16:21  Dark Templar x2  
  138  16:24  Dark Templar x4  
  138  16:25  Dark Templar  
  153  16:31  Observer (Chrono Boost)  
  153  16:38  Photon Cannon  
  153  16:41  Archon  
  153  16:42  Zealot x3  
  153  16:43  Zealot  
  161  17:06  Zealot x11  
  153  17:30  Zealot x11  
  153  17:33  Photon Cannon  
  171  17:37  Probe  
  170  17:44  Gateway  
  170  17:46  Gateway  
  170  17:51  Gateway, Zealot x11  
  178  17:54  Gateway  
  178  17:55  Phoenix x2  
  196  18:01  Nexus  
  174  18:16  Zealot x5  
  174  18:17  Zealot x6  
  150  18:38  Stalker x6  
  150  18:39  Stalker  

Tags
 
Add a new tag
Caveats
  • Supply blocks, unpowered buildings, or Contaminate may cause inaccurate times.
  • Supply counts are checked every 10 seconds.